 Dungeon Crawl Stone Soup version 0.28-a0-1493-g08698888e4 (webtiles) character file.

Game seed: 16219517210012431907

104 a3don the Sneak (level 4, -3/21 HPs)
             Began as a Spriggan Venom Mage on Jan 12, 2022.
             Slain by an adder (5 damage)
             ... on level 3 of the Dungeon.
             The game lasted 00:07:28 (2937 turns).

a3don the Sneak (Spriggan Venom Mage)               Turns: 2937, Time: 00:07:28

Health: -3/21      AC:  2    Str:  4    XL:     4   Next: 52%
Magic:  5/9        EV: 17    Int: 18    God:
Gold:   101        SH:  0    Dex: 15    Spells: 6/9 levels left

rFire   . . .      SeeInvis +   e - +0 dagger
rCold   . . .      Faith    .   (no shield)
rNeg    . . .      Spirit   .   a - +0 robe
rPois   .          Reflect  .   (helmet restricted)
rElec   .          Harm     .   (no cloak)
rCorr   .          Rampage  .   (gloves unavailable)
Will    .....                   (boots unavailable)
Stlth   ++........              (no amulet)
HPRegen 0.07/turn               (no ring)
MPRegen 0.11/turn               (no ring)

@: slow
A: very small, no large weapons, unfitting armour, see invisible, speed 3
a: no special abilities


You were on level 3 of the Dungeon.
You visited 1 branch of the dungeon, and saw 3 of its levels.

You collected 101 gold pieces.

Inventory:

Hand Weapons
 d - a +0 spear
 e - a +0 dagger (weapon)
Missiles
 i - 38 arrows
Armour
 a - a +0 robe (worn)
Magical Staves
 k - a staff of fire
Wands
 m - a wand of mindburst (14)
Scrolls
 b - 2 scrolls of identify {unknown}
 c - a scroll of silence {unknown}
 h - 2 scrolls of blinking {unknown}
 j - a scroll of magic mapping {unknown}
 l - 2 scrolls of immolation {unknown}
Potions
 f - a potion of haste {unknown}
 g - a potion of degeneration {unknown}


   Skills:
 + Level 0.7 Fighting
 * Level 2.0 Short Blades
 + Level 3.1 Dodging
 * Level 4.2 Stealth
 + Level 3.1 Spellcasting
 + Level 2.1 Transmutations
 + Level 0.2 Air Magic
 * Level 3.5 Poison Magic


You had 6 spell levels left.
You knew the following spells:

 Your Spells              Type           Power      Damage    Failure   Level
a - Sting                 Tmut/Pois      52%        1d5       4%          1
b - Poisonous Vapours     Pois/Air       18%        N/A       12%         2

Your spell library contained the following spells:

 Spells                   Type           Power      Damage    Failure   Level
 Mephitic Cloud           Conj/Pois/Air  7%         N/A       28%         3
 Olgreb's Toxic Radiance  Pois           15%        N/A       36%         4


Dungeon Overview and Level Annotations

Branches:
Dungeon (3/15)

Altars:
Dithmenos


Innate Abilities, Weirdness & Mutations

You are very small and have problems with some larger weapons.
You are too small for most types of armour.
You have supernaturally acute eyesight. (SInv)
You cover ground extremely quickly. (Speed+++)


Message History

The rat splashes around in the water.
You hit the rat.
You kill the rat!
You see here a rat corpse.
The walls and floor vibrate strangely for a moment.
A giant cockroach comes into view.
An adder and a quokka come into view.
The adder hisses angrily.
The adder closely misses you. The adder bites you.
Casting: Poisonous Vapours (safe; 12% risk of failure)
Confirm with . or Enter, or press ? or * to list all spells.
Aiming: Sting (safe; 4% risk of failure)
Press: ? - help, Shift-Dir - straight line, f - adder
Aim: an adder (53% to hit)
The sting misses the adder.
The sting hits the giant cockroach.
The giant cockroach is poisoned.
The giant cockroach is almost dead.
You kill the giant cockroach!
The adder misses you.
Casting: Sting (safe; 4% risk of failure)
Confirm with . or Enter, or press ? or * to list all spells.
Aiming: Poisonous Vapours (safe; 12% risk of failure)
Press: ? - help, Dir - move target, f/p - adder
Aim: an adder Poisonous vapours surround the adder!
The adder is poisoned.
The adder bites you. The adder misses you. The adder bites you.
You are poisoned.
The adder poisons you!
You feel sick. The adder closely misses you.
You feel sick.
The adder looks more healthy.
The adder closely misses you.
You feel sick. The adder closely misses you.
You feel sick.
You are no longer poisoned.
The adder bites you.
* * * LOW HITPOINT WARNING * * *
The adder bites you but does no damage. The adder bites you.
You die...

.#.##########..#+####.####.......
.#.#######..........#.# ##.##....
.........'..........#.# #...#....
##.#####<#....#.....#.# #...#....
#.#.....'....#.†...#.# #...#....
#.#'######...####..#†# #...#....
#.....##≈######≈##.#.###...#....
#.....#≈≈≈≈≈r≈≈≈≈#.).......+....
#.....#≈≈≈####S@≈#.#.###...##...
#.######≈## ##≈##..............
#.# #≈# #≈#..#.#######..#. #.#
#≈# #†##<#.# #...< #.# ####†#
##≈##.#.# #...# #.# #.#≈≈≈
#≈≈†#.#.#######...# #.# #.#≈≈≈
#≈≈≈#.............#
#.###.##≈######≈##.#.########..#
#.....####....#.#....# #..#


You could see an adder and a quokka.

Vanquished Creatures
  Ijyb (D:3)
  Terence (D:2)
  2 adders
  2 dart slugs
  An orc (D:3)
  3 ball pythons (D:3)
  2 giant cockroaches
  A goblin (D:2)
  3 hobgoblins
  2 quokkas (D:3)
  3 bats (D:3)
  3 frilled lizards
  3 kobolds
  4 rats
31 creatures vanquished.

Notes
Turn   | Place    | Note
-------+----------+-------------------------------------------
     0 | D:1      | a3don the Spriggan Venom Mage began the quest for the Orb.
     0 | D:1      | Reached XP level 1. HP: 9/9 MP: 5/5
  1166 | D:2      | Noticed Terence
  1171 | D:2      | Reached XP level 2. HP: 13/13 MP: 6/6
  1209 | D:2      | Killed Terence
  1210 | D:2      | Reached skill level 1 in Short Blades
  1210 | D:2      | Reached XP level 3. HP: 17/17 MP: 2/8
  1293 | D:2      | Learned a level 2 spell: Poisonous Vapours
  1363 | D:2      | Found a faded altar of an unknown god.
  1785 | D:2      | Identified the +4 ring mail "Uzomp" {Rampage Str+4}
  2357 | D:3      | Noticed Ijyb
  2379 | D:3      | Killed Ijyb
  2380 | D:3      | Reached skill level 4 in Stealth
  2380 | D:3      | Reached XP level 4. HP: 17/21 MP: 1/9
  2809 | D:3      | Found a shadowy altar of Dithmenos.
  2937 | D:3      | Slain by an adder

Illustrated notes

Levels and vault maps discovered:
D:1:      arrival_zaba_pyramid, layout_basic, minmay_misc_feat_tower
D:2:      layout_basic, shapermc_ecumenical_altar_totnotflames, uniq_terence
D:3:      layout_basic, nicolae_overflow_hidden_temple, gup_sewer_entry_bubbles,
          uniq_ijyb

Skill      XL: |  1  2  3  4 |
---------------+-------------+-----
Short Blades   | 1 2 |  2.0
Dodging        | 3 |  3.1
Spellcasting   | 3 |  3.1
Transmutations | 2 |  2.1
Stealth        | 4 |  4.2
Fighting       | |  0.7
Air Magic      | |  0.2
Poison Magic   | |  3.5

Action                   |  1- 3 |  4- 6 || total
-------------------------+-------+-------++-------
Melee: Dagger            |    27 |     7 ||    34
       Punch             |     5 |       ||     5
 Cast: Sting             |    21 |     4 ||    25
       Poisonous Vapours |    12 |     8 ||    20
 Stab: Sleeping          |     3 |     2 ||     5
Armor: Robe              |     4 |     1 ||     5
Dodge: Dodged            |    35 |    10 ||    45

Table legend: (Time is in decaauts)
 A = Elapsed time spent in this place.
 B = Non-inter-level travel time spent in this place.
 C = Inter-level travel time spent in this place.
 D = Time resting spent in this place.
 E = Time spent auto-exploring this place.
 F = Levels seen in this place.
 G = Mean time per level.
                   A        B        C        D        E       F      G
               +--------+--------+--------+--------+--------+-----+--------+
         Total |   2168 |   2157 |     11 |    337 |   1535 |   3 |  722.7 |
       Dungeon |   2168 |   2157 |     11 |    337 |   1535 |   3 |  722.7 |
               +--------+--------+--------+--------+--------+-----+--------+

Top non-repeatable levels by time:
     D:1: 851 daAuts
     D:3: 732 daAuts
     D:2: 584 daAuts
